 Dungeon Crawl Stone Soup version 0.27-a0-1196-g3e9cee4cb2 (webtiles) character file.

Game seed: 873232236433140963

16 avis the Grave Robber (level 2, 15/15 HPs)
             Began as a Deep Elf Necromancer on May 27, 2021.
             Got out of the dungeon alive.
             The game lasted 00:06:14 (1469 turns).

avis the Grave Robber (Deep Elf Necromancer)        Turns: 1469, Time: 00:06:15

Health: 15/15      AC:  4    Str:  5    XL:     2   Next: 41%
Magic:  8/8        EV: 13    Int: 19    God:
Gold:   89         SH:  0    Dex: 15    Spells: 5/7 levels left

rFire    . . .     SeeInvis .   a - +1 dagger (vamp)
rCold    . . .     Faith    .   (no shield)
rNeg     . . .     Spirit   .   g - +0 robe
rPois    .         Reflect  .   (no helmet)
rElec    .         Harm     .   (no cloak)
rCorr    .         Rampage  .   f - +1 pair of gloves
Will     .....                  (no boots)
Stlth    ++........             (no amulet)
HPRegen  0.05/turn              (no ring)
MPRegen  0.11/turn              (no ring)

@: no status effects
A: no striking features
a: no special abilities


You escaped.
You visited 1 branch of the dungeon, and saw 2 of its levels.

You collected 89 gold pieces.

Inventory:

Hand Weapons
 a - a +1 vampiric dagger (weapon)
Missiles
 l - 18 poisoned darts
Armour
 d - a +0 ring mail
 f - a +1 pair of gloves (worn)
 g - a +0 robe (worn)
Scrolls
 b - a scroll of acquirement {unknown}
 e - a scroll of fog {unknown}
 h - 4 scrolls of identify {unknown}
Potions
 c - a potion of invisibility {unknown}
 i - 2 potions of resistance {unknown}
 j - a potion of curing {unknown}
 k - a potion of lignification {unknown}


   Skills:
 + Level 2.8 Dodging
 + Level 2.8 Stealth
 - Level 3.0 Spellcasting
 * Level 5.3 Necromancy


You had 5 spell levels left.
You knew the following spells:

 Your Spells              Type           Power      Damage    Failure   Level
a - Pain                  Necr           92%        1d8       1%          1
c - Animate Skeleton      Necr           46%        N/A       1%          1

Your spell library contained the following spells:

 Spells                   Type           Power      Damage    Failure   Level
 Vampiric Draining        Necr           11%        2d7       5%          3
 Animate Dead             Necr           11%        N/A       17%         4
 Agony                    Necr           23%        N/A       43%         5


Dungeon Overview and Level Annotations

Branches:
Dungeon (2/15)

Altars:


Message History

You swap places.
Your jackal skeleton crumbles into dust!
HP restored.
You now have 89 gold pieces (gained 15).
You open the door.
There is an open door here.
There is an open door here.
You open the door.
There is an open door here.
You open the door.
There is an open door here.
There is an open door here.
There is an open gate here.
There is an open gate here.
You open the door.
There is an open door here.
Done exploring.
Search for what [? for help]? .
There is an open door here.
There is an open door here.
There is a stone staircase leading down here.
You climb downwards.
There is a stone staircase leading up here.
You climb upwards.
There is a stone staircase leading down here.
There is an open door here.
There is an open door here.
There is a stone staircase leading down here.
You climb downwards.
A quokka comes into view.
There is a stone staircase leading up here.
There is a stone staircase leading up here.
You climb upwards.
There is a stone staircase leading down here.
There is an open door here.
There is an open door here.
There is an open gate here.
There is a staircase leading out of the dungeon here.
Are you sure you want to leave the Dungeon?
This will make you lose the game!
You have escaped!

♣♣♣ ♣♣♣.♣♣♣♣♣
♣♣♣.......♣♣♣
♣♣♣♣♣..8.@.8....♣♣
♣................♣♣
♣♣.................♣♣
♣.......8...8.......♣
♣#####.........#####♣
##.......## ##8...8##
###############'''##
............##....#


There were no monsters in sight!

Vanquished Creatures
  A ball python (D:1)
  2 bats (D:1)
  An endoplasm (D:1)
  A giant cockroach (D:1)
  2 goblins (D:1)
  3 jackals (D:1)
  A quokka (D:1)
  A frilled lizard (D:1)
  A rat (D:1)
13 creatures vanquished.

Notes
Turn   | Place    | Note
-------+----------+-------------------------------------------
     0 | D:1      | avis the Deep Elf Necromancer began the quest for the Orb.
     0 | D:1      | Reached XP level 1. HP: 10/10 MP: 6/6
    95 | D:1      | Learned a level 1 spell: Animate Skeleton
   314 | D:1      | Found a faded altar of an unknown god.
   452 | D:1      | Reached skill level 5 in Necromancy
   772 | D:1      | Reached XP level 2. HP: 13/15 MP: 6/8
  1469 | D:$      | Got out of the dungeon alive.

Illustrated notes

Levels and vault maps discovered:
D:1:      kennysheep_arrival_forest, layout_basic,
          shapermc_ecumenical_altar_flowoftime
D:2:      layout_basic, skrybe_limestone_x, serial_bayou_pond_d

Skill      XL: |  1 |
---------------+----+-----
Necromancy     | 5 |  5.3
Dodging        | |  2.8
Stealth        | |  2.8
Spellcasting   | |  3.0

Action                   || total
-------------------------++-------
Melee: Dagger            ||    16
 Cast: Pain              ||    22
       Animate Skeleton  ||     4
 Stab: Sleeping          ||     1
Armor: Robe              ||     6
Dodge: Dodged            ||    13

Table legend: (Time is in decaauts)
 A = Elapsed time spent in this place.
 B = Non-inter-level travel time spent in this place.
 C = Inter-level travel time spent in this place.
 D = Time resting spent in this place.
 E = Time spent auto-exploring this place.
 F = Levels seen in this place.
 G = Mean time per level.
                   A        B        C        D        E       F      G
               +--------+--------+--------+--------+--------+-----+--------+
         Total |   1469 |   1377 |     92 |    184 |    912 |   2 |  734.5 |
       Dungeon |   1469 |   1377 |     92 |    184 |    912 |   2 |  734.5 |
               +--------+--------+--------+--------+--------+-----+--------+

Top non-repeatable levels by time:
     D:1: 1461 daAuts
     D:2: 8 daAuts
